 Dungeon Crawl Stone Soup version 0.26.1-11-gd32895ea62 (webtiles) character file.

Game seed: 6815082355149685677

169 mongoloid the Skirmisher (level 5, -1/57 HPs)
             Began as an Ogre Berserker on July 20, 2021.
             Was a Believer of Trog.
             Slain by Sigmund
             ... wielding a +0 scythe
              (7 damage)
             ... on level 6 of the Dungeon.
             The game lasted 00:05:55 (3313 turns).

mongoloid the Skirmisher (Ogre Berserker)           Turns: 3313, Time: 00:05:56

Health: -1/57      AC:  5    Str: 22      XL:     5   Next: 50%
Magic:  5/5        EV: 10    Int:  7 (8)  God:    Trog [**....]
Gold:   172        SH:  0    Dex:  8      Spells: 4/4 levels left

rFire    + + .     SeeInvis .   j - +0 whip
rCold    + . .     Faith    .   (no shield)
rNeg     . . .     Spirit   .   u - +2 robe {rC+ rF+}
rPois    +         Reflect  .   (helmet restricted)
rElec    .         Harm     .   (no cloak)
rCorr    .         Rampage  .   (gloves unavailable)
Will     .....                  (boots unavailable)
Stlth    +.........             (no amulet)
HPRegen  0.19/turn              n - ring of protection from fire
MPRegen  0.09/turn              f - ring of poison resistance

@: berserk cooldown, very slightly contaminated, slowed, invisible, very slow
A: large, unfitting armour, tough skin 1
a: Renounce Religion, Berserk, Trog's Hand


You were on level 6 of the Dungeon.
You worshipped Trog.
Trog was pleased with you.
You visited 1 branch of the dungeon, and saw 6 of its levels.

You collected 172 gold pieces.

Inventory:

Hand Weapons
 a - a +0 mace
 j - a +0 whip (weapon)
Armour
 b - a +1 animal skin
 t - a +0 robe
 u - a +2 robe of resistance (worn)
Jewellery
 f - a ring of poison resistance (right hand)
 n - a ring of protection from fire (left hand)
Scrolls
 e - 4 scrolls of identify
 i - 2 scrolls of enchant armour


   Skills:
 + Level 5.4 Fighting
 + Level 4.1 Maces & Flails
 + Level 3.4 Dodging
 + Level 0.6 Stealth


You had 4 spell levels left.
You didn't know any spells.
Your spell library was empty.

Dungeon Overview and Level Annotations

Branches:
Dungeon (6/15)
 Temple: D:4-7

Altars:
Yredelemnul

Annotations:
D:6 Sigmund


Innate Abilities, Weirdness & Mutations

You are too large for most types of armour.
You have tough skin. (AC +1)


Message History

Sigmund shouts!
Sigmund points at himself and mumbles some strange words.
Sigmund flickers and vanishes!
Deactivating autopickup; reactivate with Ctrl-A.
You recover from your berserk rage.
A magic dart appears from out of thin air!
The magic dart hits you!
* * * LOW HITPOINT WARNING * * *
There is a strange disturbance nearby!
You are too injured to fight recklessly!
A red film seems to cover your vision as you go berserk!
You feel yourself moving faster!
You feel mighty!
Okay, then.
You feel a strong urge to attack something.
You feel your anger nearly subside.
You are no longer berserk.
You are exhausted.
You feel yourself slow down. Something hits you.
* * * LOW HITPOINT WARNING * * *
You hit something. Something hits you!
You die...

### #.# #.#
#.# #@# # #
#{# #.#.#.#
. #.#.#.#
..#...#.###
..........#
..........#
..B....<..#
...[......#


There were no monsters in sight!

Vanquished Creatures
  A howler monkey (D:4)
  An orc priest (D:4)
  Jessica (D:3)
  2 adders (D:4)
  An ooze (D:2)
  A dart slug (D:2)
  2 leopard geckos
  6 orcs (D:4)
  A giant cockroach (D:2)
  4 goblins (D:1)
  6 hobgoblins
  2 jackals (D:1)
  2 kobolds
  A quokka (D:2)
  3 ball pythons
  4 bats
  2 frilled lizards
  A leopard gecko skeleton (D:4)
  3 rats
44 creatures vanquished.

Notes
Turn   | Place    | Note
-------+----------+-------------------------------------------
     0 | D:1      | mongoloid the Ogre Berserker began the quest for the Orb.
     0 | D:1      | Reached XP level 1. HP: 24/24 MP: 1/1
   210 | D:1      | Reached XP level 2. HP: 24/32 MP: 2/2
  1125 | D:2      | Reached XP level 3. HP: 38/40 MP: 3/3
  1462 | D:2      | Found a basalt altar of Yredelemnul.
  1554 | D:2      | Found a faded altar of an unknown god.
  2063 | D:3      | Noticed Jessica
  2101 | D:3      | Killed Jessica
  2102 | D:3      | Reached skill level 5 in Fighting
  2102 | D:3      | Reached XP level 4. HP: 50/50 MP: 4/4
  3141 | D:4      | Reached XP level 5. HP: 57/57 MP: 5/5
  3144 | D:4      | Reached ** piety under Trog
  3284 | D:5      | Entered Level 5 of the Dungeon
  3293 | D:6      | Noticed Sigmund
  3313 | D:6      | Slain by Sigmund

Illustrated notes

Levels and vault maps discovered:
D:1:      giann_forest_graveyard, layout_rooms, minmay_shallow_snake_nest
D:2:      layout_basic, yredelemnul_altar_generic,
          chequers_ecumenical_altar_island
D:3:      layout_loops_cross, uniq_jessica
D:4:      layout_basic, serial_rivers, chequers_serial_rivers_micro_d,
          chequers_serial_rivers_small_a, chequers_serial_rivers_small_a,
          chequers_serial_rivers_room_b, grunt_dithmenos_shadows
D:5:      layout_gridville, temple_statues, kennysheep_cross_bottleneck,
          minmay_lizard_king, uniq_ijyb, uniq_edmund
D:6:      layout_basic, lightli_temple_of_fire, uniq_sigmund

Skill      XL: |  1  2  3  4  5 |
---------------+----------------+-----
Maces & Flails | 3 4 |  4.1
Dodging        | 3 |  3.4
Fighting       | 5 |  5.4
Stealth        | |  0.6

Action                   |  1- 3 |  4- 6 || total
-------------------------+-------+-------++-------
Melee: Mace              |    64 |       ||    64
       Whip              |    49 |    74 ||   123
Invok: Berserk           |     2 |     4 ||     6
  Use: Potion            |       |     8 ||     8
       Scroll            |       |     6 ||     6
Armor: Animal skin       |    42 |     4 ||    46
       Robe              |       |    17 ||    17
Dodge: Dodged            |    54 |    51 ||   105
